 Dungeon Crawl Stone Soup version 0.19.5 (webtiles) character file.

5222 spiff the Carver (level 10, -13/74 HPs)
             Began as a High Elf Fighter on Apr 7, 2017.
             Was a Priest of Okawaru.
             Mangled by a komodo dragon (31 damage)
             ... on level 1 of the Lair of Beasts.
             The game lasted 00:35:26 (13939 turns).

spiff the Carver (High Elf Fighter)                Turns: 13939, Time: 00:35:27

Health: -13/74     AC: 15    Str: 18    XL:     10   Next: 35%
Magic:  9/11       EV: 22    Int: 15    God:    Okawaru [***...]
Gold:   646        SH: 11    Dex: 16    Spells: 0 memorised, 9 levels left

rFire  + . .     SeeInvis .     a - +0 long sword
rCold  . . .     Gourm    +     v - +2 robe {rF+}
rNeg   . . .     Faith    .     c - +0 shield
rPois  +         Spirit   .     H - +2 helmet {Int+3}
rElec  .         Reflect  .     N - +0 cloak
rCorr  .         Harm     .     x - +1 pair of gloves
MR     +....                    (no boots)
Stlth  +++.......               d - amulet of the gourmand
                                G - ring of poison resistance
                                s - +4 ring of protection

@: heroism
A: no striking features
a: Heroism, Renounce Religion


You were on level 1 of the Lair of Beasts.
You worshipped Okawaru.
Okawaru was most pleased with you.
You were completely stuffed.

You visited 3 branches of the dungeon, and saw 12 of its levels.

You collected 646 gold pieces.

Inventory:

Hand Weapons
 a - a +0 long sword (weapon)
 B - a +0 longbow
Missiles
 g - 262 arrows
 o - 5 tomahawks (quivered)
 y - 7 needles of sleeping
 A - 43 poisoned needles
Armour
 b - a +0 scale mail
 c - a +0 shield (worn)
 v - a +2 robe of fire resistance (worn)
 x - a +1 pair of gloves (worn)
 H - a +2 helmet of intelligence (worn)
 N - a +0 cloak (worn)
Jewellery
 d - an amulet of the gourmand (around neck)
 s - a +4 ring of protection (left hand)
 D - an uncursed ring of stealth
 E - an uncursed ring of see invisible
 G - a ring of poison resistance (right hand)
 P - an uncursed ring of positive energy
 Q - an uncursed ring of magical power
Wands
 t - a wand of slowing (22/48)
 z - a wand of paralysis (4/24)
 F - a wand of lightning (4/15)
Scrolls
 h - 4 scrolls of amnesia
 i - 6 scrolls of remove curse
 n - 2 scrolls of recharging
 q - 7 scrolls of identify
 w - a scroll of silence {unknown}
 I - 4 scrolls of teleportation
Potions
 e - 2 potions of haste
 k - 2 potions of brilliance
 l - 4 potions of heal wounds
 p - a potion of cancellation
 r - 2 potions of curing
 C - a potion of magic
 J - a potion of ambrosia {unknown}
Books
 O - a book of Frost

   Spells                             Type                      Level
   a - Freeze                         Ice                          1
   b - Throw Frost                    Conjuration/Ice              2
   c - Ozocubu's Armour               Charms/Ice                   3
   d - Throw Icicle                   Conjuration/Ice              4
   e - Summon Ice Beast               Ice/Summoning                4
Comestibles
 f - 7 bread rations
 j - 3 beef jerkies
 m - 3 slices of pizza
 u - 11 fruits
 K - a royal jelly
 L - 5 chunks of flesh
 M - 2 meat rations


   Skills:
 + Level 9.5(14.5) Fighting
 + Level 10.8(15.8) Long Blades
 - Level 2.6(7.6) Armour
 + Level 9.5(14.5) Dodging
 - Level 2.6(7.6) Shields


You had 9 spell levels left.
You didn't know any spells.

Dungeon Overview and Level Annotations

Branches:
Dungeon (10/15)            Temple (1/1) D:7            Lair (1/6) D:9
    Orc (0/2) D:9

Altars:
Ashenzari
Cheibriados
Dithmenos
Elyvilon
Fedhas
Gozag
Hepliaklqana
Kikubaaqudgha
Nemelex Xobeh
Okawaru
Qazlal
Ru
Sif Muna
Trog
Uskayaw
Vehumet
Xom
Yredelemnul
Zin
The Shining One

Annotations:
D:5 Edmund, Eustachio
D:10 exclusion: troll


Message History

The komodo dragon misses you.
You slash the komodo dragon!
The komodo dragon is moderately wounded.
The komodo dragon bites you!!
You gain the combat prowess of a mighty hero.
The komodo dragon completely misses you.
Some of the chunks of flesh in your inventory have rotted away.
You hit the komodo dragon.
The komodo dragon is moderately wounded.
The komodo dragon bites you!!
* * * LOW HITPOINT WARNING * * *
You barely miss the komodo dragon.
The komodo dragon is moderately wounded.
You barely miss the komodo dragon.
The komodo dragon is moderately wounded.
You block the komodo dragon's attack.
You hit the komodo dragon.
The komodo dragon is heavily wounded.
The komodo dragon bites you!!
You die...

#..........#####.......
#..........#...l.......
#......................
#........##P##........
#.......#####.........
####..#.# ##........
#.#..# #........ ###l##
##....... #@## #.......
##.# ##...... #.##
...... ###.# ####
#...##...# ####.....#
#.#.....## #.....##
##### #...###
########P.).


You could see a komodo dragon.

Vanquished Creatures
  2 hornets
  A two-headed ogre (D:9)
  A hippogriff (D:8)
  3 yaks (Lair:1)
  Grum (Lair:1)
  2 hungry ghosts
  The ghost of Lucio the Bolt Thrower, an amateur SpHu (D:3)
  A porcupine (Lair:1)
  3 ice beasts
  3 orc warriors
  A sky beast (D:10)
  2 wolves (Lair:1)
  2 phantoms (D:7)
  3 ogres
  A necrophage (D:9)
  4 centaurs
  4 bullfrogs
  A scorpion (D:8)
  6 killer bees (D:10)
  A howler monkey (D:6)
  A centaur zombie (D:9)
  2 jellies
  4 hounds
  7 orc priests
  A bullfrog skeleton (D:10)
  Ijyb (D:3)
  5 worker ants
  2 iguanas
  4 orc wizards
  A hound skeleton (D:6)
  11 gnolls
  9 adders
  3 shadow imps
  2 oozes
  An adder skeleton (D:7)
  3 worms (D:4)
  4 dart slugs
  5 leopard geckos
  34 orcs
  4 ball pythons
  9 bats
  3 giant cockroaches
  11 goblins (D:3)
  8 hobgoblins
  14 jackals
  5 quokkas
  4 frilled lizards
  A jackal skeleton (D:8)
  5 kobolds
  A leopard gecko zombie (D:6)
  A quokka skeleton (D:4)
  2 quokka zombies
  5 rats
  A fungus (D:9)
217 creatures vanquished.

Notes
Turn   | Place    | Note
-------+----------+-------------------------------------------
     0 | D:1      | spiff the High Elf Fighter began the quest for the Orb.
     0 | D:1      | Reached XP level 1. HP: 16/16 MP: 2/2
   260 | D:1      | Reached XP level 2. HP: 21/21 MP: 3/3
   410 | D:1      | Reached skill level 1 in Dodging
   542 | D:1      | Reached skill level 3 in Long Blades
   822 | D:2      | Found a hazy altar of Hepliaklqana.
   968 | D:2      | Reached XP level 3. HP: 25/26 MP: 4/4
  1659 | D:3      | Noticed Lucio's ghost (amateur SpHu)
  1825 | D:3      | Reached XP level 4. HP: 33/33 MP: 5/5
  2161 | D:3      | Noticed Ijyb
  2195 | D:3      | Killed Ijyb
  2516 | D:3      | Reached skill level 4 in Long Blades
  2516 | D:3      | Reached XP level 5. HP: 37/37 MP: 6/6
  3110 | D:3      | Found a sacrificial altar of Ru.
  3163 | D:3      | Noticed an ogre
  4008 | D:4      | Reached XP level 6. HP: 22/44 MP: 7/7
  4319 | D:4      | Reached skill level 5 in Long Blades
  4878 | D:4      | Reached skill level 5 in Fighting
  5262 | D:5      | Entered Level 5 of the Dungeon
  5267 | D:5      | Noticed Edmund
  5406 | D:5      | Got a smoking robe
  5417 | D:5      | Identified the +1 robe of the Stars {+Blink} (You found it on level 5 of the Dungeon)
  5671 | D:5      | Noticed Eustachio
  5924 | D:5      | HP: 2/45 [iron imp[Eustachio] (4)]
  6363 | D:6      | Reached XP level 7. HP: 16/50 MP: 8/8
  6610 | D:6      | Reached skill level 6 in Long Blades
  7017 | D:6      | Noticed a hill giant
  7396 | D:5      | Reached skill level 5 in Dodging
  7575 | D:3      | Killed Lucio's ghost
  8373 | D:6      | Found a hide-covered altar of Uskayaw.
  8512 | D:7      | Found a staircase to the Ecumenical Temple.
  8530 | D:7      | Noticed a hungry ghost
  8544 | D:6      | Reached XP level 8. HP: 57/57 MP: 9/9
  8562 | D:6      | Reached skill level 7 in Long Blades
  8777 | Temple   | Entered the Ecumenical Temple
  8956 | Temple   | Became a worshipper of Warmaster Okawaru
  9495 | D:7      | Noticed a hornet
  9528 | D:7      | Paralysed by a hornet for 1 turns
 10023 | D:7      | Killed a hornet
 10023 | D:7      | Reached skill level 8 in Long Blades
 10471 | D:8      | Reached * piety under Okawaru
 10471 | D:8      | Reached XP level 9. HP: 59/64 MP: 10/10
 10669 | D:8      | Found a stormy altar of Qazlal.
 10769 | D:8      | Found a white marble altar of Elyvilon.
 11003 | D:8      | Found a glowing golden altar of the Shining One.
 11347 | D:9      | Reached skill level 9 in Long Blades
 11612 | D:9      | Found a staircase to the Lair.
 11688 | D:9      | Reached ** piety under Okawaru
 12054 | D:9      | Found a staircase to the Orcish Mines.
 12165 | D:9      | Reached skill level 10 in Long Blades
 12345 | D:10     | Entered Level 10 of the Dungeon
 12478 | D:10     | Noticed a troll
 12827 | D:10     | Reached XP level 10. HP: 66/74 MP: 11/11
 13429 | Lair:1   | Entered Level 1 of the Lair of Beasts
 13662 | Lair:1   | Reached *** piety under Okawaru
 13819 | Lair:1   | Noticed Grum
 13835 | Lair:1   | Killed Grum
 13939 | Lair:1   | Mangled by a komodo dragon

Skill      XL: |  1  2  3  4  5  6  7  8  9 10 |
---------------+-------------------------------+-----
Dodging        | 1 2 3 4 5 7 8 9 |  9.5
Long Blades    | 3 4 5 6 8 10 | 10.8
Fighting       | 4 5 6 7 9 |  9.5
Armour         | |  2.6
Shields        | |  2.6

Action                   |  1- 3 |  4- 6 |  7- 9 | 10-12 || total
-------------------------+-------+-------+-------+-------++-------
Melee: Long sword        |   128 |   342 |   606 |   127 ||  1203
Throw: Tomahawk          |       |       |     4 |       ||     4
Invok: Heroism           |       |       |     3 |     3 ||     6
  Use: Scroll            |       |     6 |    15 |       ||    21
       Potion            |       |     1 |     3 |       ||     4
 Stab: Sleeping          |       |     4 |       |       ||     4
       Invisible         |       |     1 |       |       ||     1
       Distracted        |       |     2 |       |       ||     2
       Paralysed         |       |     1 |       |       ||     1
  Eat: Chunk             |     3 |    13 |    36 |     4 ||    56
       Bread ration      |       |     1 |     1 |       ||     2
       Fruit             |       |       |     2 |       ||     2
Armor: Scale mail        |    81 |     7 |       |       ||    88
       Robe              |       |   108 |   152 |    28 ||   288
Dodge: Dodged            |    48 |   185 |   296 |    79 ||   608
Block: Shield            |    87 |   170 |   277 |    54 ||   588
       Rpst.: Long sword |    12 |    56 |    82 |    27 ||   177
